Map: Cactus Valley LE (Void)

Players

Bioice - Winner!

  • Race: Zerg Zerg
  • League: Grandmaster
  • Spawn Location: 11:00

Railgan

  • Race: Zerg Zerg
  • League: Grandmaster
  • Spawn Location: 1:00

VOD

Have the link to the VOD?

Description

Time

  • Played on: March 22, 2017, 7:27 p.m.
  • Length: 10:50
Show
View Real Time Build Order
Export as new Build Order

Bioice Zerg - Winner!

Build Orders: Hatch First 

Get SALT Encoding   

  12  0:01  Drone  
  13  0:13  Overlord  
  13  0:18  Drone  
  14  0:33  Drone x2  
  16  0:51  Hatchery  
  16  0:54  Drone  
  16  0:56  Drone  
  17  1:00  Drone  
  18  1:09  Extractor  
  17  1:16  Spawning Pool  
  16  1:19  Drone  
  16  1:21  Drone  
  18  1:29  Drone  
  19  1:41  Drone  
  20  1:50  Overlord  
  20  2:03  Queen  
  20  2:04  Queen  
  20  2:05  Zergling x4  
  26  2:11  Metabolic Boost  
  26  2:14  Drone  
  26  2:15  Drone  
  28  2:22  Drone  
  29  2:25  Drone  
  30  2:32  Baneling Nest  
  30  2:33  Drone  
  30  2:35  Drone  
  31  2:57  Overlord  
  31  3:01  Drone x2  
  33  3:14  Zergling x2  
  33  3:15  Zergling x16  
  42  3:24  Hatchery  
  41  3:32  Overlord  
  41  3:37  Baneling x4  
  41  3:44  Zergling x4  
  43  3:55  Drone  
  41  4:12  Drone  
  41  4:13  Baneling x2  
  41  4:14  Drone  
  41  4:15  Drone x5  
  47  4:24  Drone  
  43  4:38  Drone x3  
  46  4:43  Extractor x2, Roach Warren  
  46  4:44  Evolution Chamber  
  46  4:45  Overlord  
  42  4:46  Overlord x2  
  42  4:48  Drone x4, Queen  
  42  4:49  Drone x2  
  50  4:54  Lair  
  50  4:58  Overlord  
  50  5:02  Baneling  
  50  5:06  Drone  
  50  5:07  Drone x3  
  53  5:10  Zerg Missile Weapons Level 1  
  54  5:16  Drone x3  
  54  5:19  Drone x2  
  59  5:22  Drone x2  
  59  5:28  Drone x2  
  59  5:29  Drone  
  59  5:30  Drone  
  59  5:35  Baneling x2  
  63  5:37  Drone x2  
  63  5:39  Extractor  
  63  5:42  Overlord x2  
  64  5:46  Drone  
  64  5:47  Drone x3  
  65  5:59  Drone  
  65  6:00  Extractor, Drone x2  
  65  6:01  Drone x3  
  65  6:02  Roach  
  65  6:03  Roach  
  74  6:05  Glial Reconstitution  
  74  6:09  Roach x3  
  80  6:15  Overlord x2  
  80  6:16  Roach x2  
  80  6:18  Roach  
  86  6:19  Roach  
  88  6:26  Roach x3  
  88  6:31  Overlord  
  94  6:33  Ravager  
  94  6:34  Ravager x3  
  94  6:37  Roach x3  
  104  6:51  Hatchery  
  104  6:52  Overlord  
  104  6:53  Roach x4  
  104  6:54  Roach  
  113  6:57  Roach  
  113  6:58  Roach x2  
  119  7:02  Roach  
  119  7:12  Roach x4  
  119  7:14  Roach x4  
  119  7:15  Roach  
  125  7:24  Roach x2  
  122  7:39  Roach  
  124  7:44  Roach  
  124  7:45  Roach x2  
  124  7:46  Overlord x4  
  130  7:55  Zerg Missile Weapons Level 2  
  130  7:57  Overlord x2  
  128  8:01  Roach x3  
  128  8:02  Roach  
  121  8:07  Roach x5  
  121  8:08  Roach x2  
  135  8:14  Queen  
  135  8:15  Roach x3  
  135  8:18  Roach x2  
  147  8:23  Roach  
  149  8:31  Roach x5  
  149  8:32  Roach  
  161  8:34  Roach x3  
  161  8:36  Roach  
  161  8:37  Roach  
  163  8:42  Roach x4  
  163  8:44  Overseer  
  163  8:47  Roach x2  
  165  8:57  Roach  
  165  8:58  Roach x6  
  165  8:59  Roach  
  159  9:04  Roach x3  
  159  9:07  Roach x2  
  153  9:16  Roach x5  
  129  9:25  Roach x2  
  129  9:30  Roach x2  
  129  9:31  Roach x5  
  139  9:36  Roach x3  
  137  9:45  Roach  
  137  9:46  Roach x5  
  137  9:49  Roach x2  
  137  9:52  Roach x2  
  141  10:01  Roach x3  
  145  10:08  Roach x3  
  151  10:17  Roach x8  
  167  10:22  Roach x2  
  175  10:28  Roach x3  
  175  10:29  Roach  
Show
View Real Time Build Order
Export as new Build Order

Railgan Zerg 

Build Orders: Hatch First 

Get SALT Encoding   

  12  0:03  Drone  
  13  0:12  Overlord  
  13  0:17  Drone  
  14  0:31  Drone x2  
  17  0:35  Drone  
  17  0:47  Drone  
  18  0:59  Drone, Hatchery  
  18  1:01  Extractor  
  17  1:15  Spawning Pool  
  16  1:18  Drone  
  16  1:20  Drone  
  18  1:29  Drone  
  19  1:43  Overlord  
  19  1:53  Drone  
  20  2:02  Zergling x2, Queen  
  23  2:10  Queen  
  23  2:11  Drone  
  26  2:17  Drone, Metabolic Boost  
  26  2:22  Drone x2  
  29  2:32  Drone  
  30  2:39  Zergling x2  
  31  2:45  Hatchery  
  29  2:52  Queen  
  29  2:54  Baneling Nest  
  29  2:55  Overlord  
  30  2:58  Zergling x2  
  30  3:01  Drone  
  30  3:02  Drone  
  33  3:09  Queen  
  35  3:17  Spine Crawler, Zergling x2  
  35  3:26  Zergling x2  
  35  3:27  Zergling x2  
  37  3:33  Drone  
  37  3:34  Overlord  
  38  3:38  Baneling  
  38  3:40  Zergling x2  
  39  3:41  Baneling  
  39  3:44  Drone  
  39  3:45  Baneling  
  39  3:46  Baneling  
  40  3:53  Baneling  
  39  4:13  Drone x6  
  39  4:14  Drone x2  
  46  4:18  Extractor  
  46  4:20  Overlord  
  46  4:22  Overlord  
  46  4:23  Roach Warren, Zergling x6  
  45  4:38  Drone  
  45  4:39  Overlord  
  45  4:42  Drone x5  
  50  4:55  Evolution Chamber, Drone x3  
  50  4:56  Drone x3  
  55  5:08  Roach x2  
  55  5:09  Drone  
  55  5:10  Lair  
  55  5:12  Drone  
  61  5:19  Drone  
  61  5:20  Drone  
  61  5:21  Zerg Missile Weapons Level 1  
  63  5:24  Drone  
  63  5:25  Drone x3  
  64  5:30  Roach x3  
  70  5:37  Roach x2  
  70  5:38  Drone x2  
  70  5:40  Extractor, Overlord  
  75  5:44  Roach  
  75  5:45  Roach  
  79  5:51  Roach  
  79  5:53  Drone, Overlord  
  82  6:01  Roach x3  
  82  6:03  Roach  
  90  6:06  Overlord  
  90  6:07  Overlord x2  
  90  6:10  Extractor  
  89  6:13  Drone  
  89  6:14  Drone x4  
  89  6:18  Drone x2  
  96  6:19  Drone  
  96  6:21  Glial Reconstitution  
  96  6:23  Overlord x2  
  97  6:26  Overlord  
  97  6:29  Roach x2  
  101  6:34  Overlord  
  101  6:36  Roach x2  
  101  6:39  Roach x2  
  109  6:44  Roach  
  109  6:45  Roach x2  
  115  6:49  Overlord  
  115  6:50  Roach  
  115  6:51  Roach  
  115  6:53  Roach  
  121  6:55  Roach  
  121  6:57  Overlord, Roach  
  125  7:02  Roach x2  
  124  7:13  Roach  
  124  7:14  Roach x3  
  120  7:22  Roach x6  
  122  7:24  Roach  
  122  7:26  Extractor  
  119  7:30  Roach x2  
  117  7:38  Roach  
  117  7:39  Roach x3  
  117  7:41  Roach  
  117  7:43  Roach  
  115  7:45  Roach  
  115  7:51  Roach x2  
  121  7:52  Roach  
  121  7:55  Extractor, Roach  
  124  8:00  Roach x3  
  124  8:05  Roach x3  
  120  8:06  Drone x2  
  120  8:08  Drone x3  
  120  8:11  Overlord  
  127  8:12  Roach  
  127  8:17  Roach  
  127  8:19  Zerg Missile Weapons Level 2  
  129  8:28  Roach x4  
  129  8:29  Hatchery  
  129  8:33  Roach  
  129  8:34  Roach x2  
  140  8:40  Drone x3  
  140  8:41  Drone  
  139  8:45  Roach  
  139  8:46  Roach  
  142  8:48  Ravager  
  147  8:55  Roach x2  
  147  8:57  Roach x4  
  147  9:01  Roach  
  137  9:04  Roach x2  
  137  9:06  Roach  
  137  9:09  Roach  
  135  9:12  Roach  
  121  9:22  Roach x5  
  117  9:29  Roach  
  106  9:32  Roach  
  106  9:34  Roach  
  106  9:36  Roach x3  
  110  9:40  Roach x4  
  110  9:42  Roach  
  116  9:46  Roach x2  
  116  9:50  Roach  
  116  9:51  Roach  
  114  9:52  Roach  
  114  9:53  Roach  
  114  9:58  Roach  
  110  10:07  Ravager x2  
  110  10:08  Ravager x3  
  110  10:09  Roach x5  
  125  10:15  Roach x3  
  131  10:29  Roach  
  131  10:35  Hatchery  
  128  10:42  Roach Warren  
Tags
 
Add a new tag
Caveats
  • Supply blocks, unpowered buildings, or Contaminate may cause inaccurate times.
  • Supply counts are checked every 10 seconds.